[Event "ICC tourney 1992 (90 10)"]
[Site "Internet Chess Club"]
[Date "2020.09.07"]
[Round "6"]
[White "irisl"]
[Black "kween26"]
[Result "1/2-1/2"]
[ICCResult "Game drawn by mutual agreement"]
[WhiteElo "1295"]
[BlackElo "1245"]
[Opening "two knights defense: Fritz variation"]
[ECO "C57"]
[NIC "KP.01"]
[Time "15:33:18"]
[TimeControl "5400+10"]

1. e4 e5 2. Nf3 Nc6 3. Bc4 Nf6 4. Ng5 d5 5. exd5 Nd4 6. c3 b5 7. cxd4 bxc4
8. dxe5 Qxd5 9. O-O Bb7 10. Nf3 Nd7 11. Nc3 Qc6 12. Re1 Rd8 13. d4 cxd3 14.
Qxd3 Nc5 15. Qb5 Qxb5 16. Nxb5 Nd3 17. Re2 Rd7 18. Ne1 Bc5 19. Nxd3 Rxd3 20.
Bg5 Bb6 21. Rd2 Rxd2 22. Bxd2 O-O 23. Rc1 Rd8 24. Bf4 a6 25. Nc3 h6 26. Na4
Ba7 27. Kf1 Rd4 28. Be3 Rxa4 29. Bxa7 Rxa2 30. Bd4 Ra4 31. Be3 Rb4 32. Rc2
Rb5 33. Bf4 c5 34. Be3 c4 35. Bd4 Be4 36. Rc1 Bd3+ 37. Ke1 Kh7 38. Ra1 Be4
39. f3 Bb7 40. Bc3 Rb6 41. Ra5 Rc6 42. Ke2 Bc8 43. Ke3 Kg6 44. Ke4 Be6 45.
h3 h5 46. g4 hxg4 47. hxg4 Kg5 48. Be1 Kg6 49. Bc3 Kg5 50. Bd2+ Kg6 51. Kf4
Rb6 52. Bc3 Kh6 53. Ke3 Kg5 54. Bd4 Rc6 55. Ra1 Bc8 56. Ke4 Bb7 57. Ke3 Rh6
58. Rf1 {Game drawn by mutual agreement} 1/2-1/2